 Seeded DCSS version 0.24.1-14-gf8d2b509d9 (webtiles) character file.

Game seed: 20230304, levelgen mode: deterministic

282 Mickster the Chopper (level 5, -11/45 HPs)
             Began as a Demigod Fighter on Mar 4, 2023.
             Mangled by an ogre
             ... wielding a +0 giant spiked club
              (12 damage)
             ... on level 4 of the Dungeon on Mar 5, 2023.
             The game lasted 00:33:25 (2924 turns).

Mickster the Chopper (Demigod Fighter)              Turns: 2924, Time: 00:33:25

Health: -11/45     AC: 11    Str: 25    XL:     5   Next: 78%
Magic:  7/7        EV:  6    Int: 12    God:
Gold:   110        SH: 10    Dex: 15    Spells: 4/4 levels left

rFire    . . .     SeeInvis .   a - +0 war axe
rCold    . . .     Gourm    .   c - +0 shield
rNeg     . . .     Faith    .   u - +0 chain mail
rPois    .         Spirit   .   h - +0 helmet
rElec    .         Reflect  .   (no cloak)
rCorr    .         Harm     .   (no gloves)
MR       .....                  (no boots)
Stlth    ..........             (no amulet)
HPRegen  0.15/turn              i - +4 ring of strength
MPRegen  0.10/turn              p - +1 ring of protection

@: no status effects
A: high mp 1
a: no special abilities


You were on level 4 of the Dungeon.
You were not hungry.

You visited 1 branch of the dungeon, and saw 4 of its levels.

You collected 110 gold pieces.

Inventory:

Hand Weapons
 a - a +0 war axe (weapon)
 d - a +1 halberd of flaming
 t - a +0 falchion
Missiles
 e - 38 sling bullets
 q - 25 poisoned darts (quivered)
 s - 11 javelins
 v - 18 bolts
 w - 19 arrows
Armour
 b - a +0 scale mail
 c - a +0 shield (worn)
 h - a +0 helmet (worn)
 u - a +0 chain mail (worn)
Jewellery
 g - a +3 ring of dexterity {unknown}
 i - a +4 ring of strength (left hand)
 j - an uncursed ring of magical power
 m - an uncursed ring of ice
 n - an uncursed ring of wizardry
 p - a +1 ring of protection (right hand)
Wands
 k - a wand of enslavement (9)
Scrolls
 r - 2 scrolls of teleportation
Potions
 l - 3 potions of curing
 o - 2 potions of heal wounds
Comestibles
 f - 5 rations


   Skills:
 + Level 3.4 Fighting
 - Level 3.8 Axes
 * Level 0.3(2.3) Polearms
 + Level 0.7 Throwing
 + Level 3.4 Armour
 + Level 0.8 Dodging
 + Level 0.3 Stealth
 + Level 3.6 Shields


You had 4 spell levels left.
You didn't know any spells.
Your spell library was empty.

Dungeon Overview and Level Annotations

Branches:
Dungeon (4/15)
 Temple: D:4-7

Shops:
D:4 }


Innate Abilities, Weirdness & Mutations

You have an increased reservoir of magic. (+10% MP)


Message History

A jackal comes into view.
The jackal barks!
An ogre comes into view. It is wielding a +0 giant spiked club.
The ogre shouts!
You hit the jackal.
The jackal is almost dead.
You block the jackal's attack. The jackal barely misses you.
You slash the jackal!
You kill the jackal!
You barely miss the jackal. You block the jackal's attack.
The jackal bites you but does no damage.
You hit the jackal.
You kill the jackal!
The ogre hits you with a +0 giant spiked club!
* * * LOW HITPOINT WARNING * * *
You see here a jackal corpse.
You hit the ogre.
The ogre is moderately wounded.
The ogre hits you with a +0 giant spiked club!
You die...

#≈#≈####..<...#.. #
.≈≈≈≈≈........#.# .. ...
...≈..........#.# .# ...
.......†......#.##.# ....
[##...#.))..?.#.#..#..)..
.....#........#)<..#.....
#................#.......
.........................
..####..##....†.@..#.. .
#....#......O..#
............∩.∩.#
........#.........#
#........#.....∩.∩.#
...###.............# ...
##............. ..
..#..########>


You could see an ogre.

Vanquished Creatures
  A hound (D:4)
  2 orc wizards (D:3)
  Terence (D:2)
  2 adders (D:2)
  6 gnolls
  3 worms
  A dart slug (D:3)
  A leopard gecko (D:3)
  11 orcs
  2 giant cockroaches (D:2)
  5 goblins
  11 hobgoblins
  9 jackals
  5 kobolds
  A ball python (D:1)
  4 bats
  A frilled lizard (D:2)
  10 rats
76 creatures vanquished.

Notes
Turn   | Place    | Note
-------+----------+-------------------------------------------
     0 | D:1      | Mickster the Demigod Fighter began the quest for the Orb.
     0 | D:1      | Reached XP level 1. HP: 18/18 MP: 3/3
     2 | D:1      | Noticed a felid
     4 | D:1      | Noticed a troll
     4 | D:1      | Noticed a minotaur
     6 | D:1      | Noticed a gargoyle
     6 | D:1      | Noticed a formicid
     8 | D:1      | Noticed a ghoul
     8 | D:1      | Noticed a demigod
    10 | D:1      | Noticed a vine stalker
    10 | D:1      | Noticed a halfling
    12 | D:1      | Noticed a tengu
    12 | D:1      | Noticed an ogre
    14 | D:1      | Noticed a draconian
    16 | D:1      | Noticed a dwarf
    18 | D:1      | Noticed a spriggan
    18 | D:1      | Noticed a centaur
    20 | D:1      | Noticed an elf
    20 | D:1      | Noticed a merfolk
    22 | D:1      | Noticed a human
    22 | D:1      | Noticed a naga
    24 | D:1      | Noticed a demonspawn
    27 | D:1      | Noticed an octopode
    27 | D:1      | Noticed a vampire
   273 | D:1      | Reached XP level 2. HP: 22/25 MP: 4/4
   915 | D:2      | Reached XP level 3. HP: 25/31 MP: 5/5
  1205 | D:2      | Found an opulent altar of Gozag.
  1506 | D:3      | Reached XP level 4. HP: 19/38 MP: 6/6
  1596 | D:3      | Found a shattered altar of Ashenzari.
  1597 | D:3      | Found a radiant altar of Vehumet.
  1600 | D:3      | Found an ancient bone altar of Kikubaaqudgha.
  2672 | D:2      | Noticed Terence
  2675 | D:2      | Killed Terence
  2675 | D:2      | Reached XP level 5. HP: 45/45 MP: 7/7
  2856 | D:4      | Found Venwif's Gadget Boutique.
  2904 | D:4      | HP: 2/45 [orc (2)]
  2916 | D:4      | Noticed an ogre
  2923 | D:4      | HP: 1/45 [ogre/+0 giant spiked club (12)]
  2924 | D:4      | Mangled by an ogre

Levels and vault maps discovered:
D:1:      kb_arrival_jail, layout_loops_ring
D:2:      layout_loops_ring, grunt_gozag_breadcrumbs, bh_walls_and_bars,
          uniq_crazy_yiuf_cottage, uniq_natasha, uniq_terence
D:3:      layout_basic, chequers_temple_overflow_statue_of_worship
D:4:      layout_rooms, serial_shops, nicolae_shop_competitors_out_of_business,
          first_ration, lightli_sewer_entry_pipes, kennysheep_doodads,
          nicolae_dithmenos_the_darkroom, uniq_grinder

Skill      XL: |  1  2  3 |
---------------+----------+-----
Axes           | 2 3 |  3.8
Fighting       | 3 |  3.4
Shields        | 3 |  3.6
Armour         | 3 |  3.4
Polearms       | |  0.3
Throwing       | |  0.7
Dodging        | |  0.8
Stealth        | |  0.3

Action                   |  1- 3 |  4- 6 || total
-------------------------+-------+-------++-------
Melee: War axe           |    91 |   117 ||   208
Throw: Dart              |       |     7 ||     7
  Use: Scroll            |     9 |     1 ||    10
       Potion            |     5 |     2 ||     7
  Eat: Ration            |     1 |     1 ||     2
Armor: Scale mail        |    38 |    33 ||    71
       Chain mail        |       |    26 ||    26
Dodge: Dodged            |    29 |    29 ||    58
Block: Shield            |    46 |    77 ||   123
